 Dungeon Crawl Stone Soup version 0.30-a0-576-g89cddaab80 (webtiles) character file.

Game seed: 10426378865329994828

91998 kae the Black Belt (level 15, -3/119 HPs)
             Began as a Demonspawn Transmuter on Dec 30, 2022.
             Was a High Priest of Qazlal.
             Slain by a red ugly thing (20 damage)
             ... on level 14 of the Dungeon.
             The game lasted 00:27:04 (24731 turns).

kae the Black Belt (Demonspawn Transmuter)         Turns: 24731, Time: 00:27:05

Health: -3/119     AC: 19    Str: 20    XL:     15   Next: 56%
Magic:  16/25      EV: 17    Int: 17    God:    Qazlal [*****.]
Gold:   1523       SH: 12    Dex: 15    Spells: 12/22 levels left

rFire   . . .      SeeInvis .      - Unarmed
rCold   . . .      Faith    .    (no shield)
rNeg    . . .      Spirit   .    X - +1 chain mail of Yesterday {Regen+}
rPois   .          Reflect  +    r - +2 helmet
rElec   .          Harm     .    (no cloak)
rCorr   +          Rampage  .    (no gloves)
Will    +....                    P - +2 pair of boots {Stlth+} Stlth
                                 m - amulet of reflection
HPRegen 1.19/turn                E - +5 ring of evasion
MPRegen 0.19/turn                S - +6 ring of strength

@: lethally poisoned (-3 -> -6), wereblooded, corroded, studying Unarmed Combat,
repel missiles
A: claws 2, yellow scales 3, spiny 1, demonic magic 1, corrupting presence 1
a: Renounce Religion, Upheaval, Elemental Force, Disaster Area


You were on level 14 of the Dungeon.
You worshipped Qazlal.
Qazlal was extremely pleased with you.
You visited 3 branches of the dungeon, and saw 21 of its levels.
You also visited: Ice Cave.

You collected 1523 gold pieces.


Innate Abilities, Weirdness & Mutations

You have very sharp fingernails.
You are completely covered in yellow scales. (AC +4, rCorr)
You are partially covered in sharp spines.
Spells you cast may paralyse adjacent enemies.
Your presence sometimes corrodes those you injure.


   Skills:
 + Level 11.5 Fighting
 + Level 10.6 Armour
 + Level 10.6 Dodging
 * Level 15.7 Unarmed Combat
 - Level 4.1 Spellcasting
 - Level 5.6 Transmutations
 - Level 1.6 Poison Magic
 + Level 13.4 Invocations


You had 12 spell levels left.
You knew the following spells:

 Your Spells              Type           Power      Damage    Failure   Level
a - Beastly Appendage     Tmut           44%        N/A       11%         1
b - Wereblood             Tmut           22%        N/A       16%         2
c - Spider Form           Tmut/Pois      15%        N/A       58%         3
d - Ice Form              Ice/Tmut       13%        N/A       97%         4

Your spell library contained the following spells:

 Spells                   Type           Power      Damage    Failure   Level
 Sting                    Tmut/Pois      60%        1d6       24%         1
 Magic Dart               Conj           12%        1d3       71%         1
 Shock                    Conj/Air       12%        1d3       71%         1
 Poisonous Vapours        Pois/Air       12%        N/A       75%         2
 Call Imp                 Summ           3%         N/A       85%         2
 Ensorcelled Hibernation  Hex/Ice        6%         N/A       85%         2
 Mephitic Cloud           Conj/Pois/Air  5%         N/A       95%         3
 Gell's Gravitas          Tloc           3%         N/A       97%         3
 Kindle Blastsparks       Fire/Tloc/Air  6%         2d10      97%         3
 Ozocubu's Armour         Ice            3%         N/A       97%         3
 Swiftness                Air            3%         N/A       97%         3
 Vhi's Electric Charge    Tloc/Air       6%         N/A       97%         3
 Olgreb's Toxic Radiance  Pois           8%         N/A       99%         4
 Airstrike                Air            1%         2d(1-17)  100%        4
 Anguish                  Hex/Necr       1%         N/A       100%        4
 Iskenderun's Mystic Bla  Conj/Tloc      3%         2d3       100%        4
 Summon Mana Viper        Hex/Summ       3%         N/A       100%        5
 Enfeeble                 Hex            1%         N/A       100%        7
 Ozocubu's Refrigeration  Ice            1%         4d7       100%        7
 Disjunction              Tloc           1%         N/A       100%        8

Inventory:

Missiles
 c - a throwing net {=f!f}
Armour
 a - a +0 robe
 r - a +2 helmet (worn)
   (You found it on level 5 of the Lair of Beasts)
 M - a +2 plate armour of cold resistance
   (You found it in an ice cave)
 O - a +0 chain mail of poison resistance
   (You found it on level 9 of the Dungeon)
 P - a +2 pair of boots of stealth (worn)
   (You found it on level 5 of the Dungeon)
 X - the +1 chain mail of Yesterday (worn) {Regen+}
   (You found it on level 5 of the Lair of Beasts)

   Regen:     It increases your rate of health regeneration.
Magical Staves
 e - a staff of poison {!a}
   (You found it on level 10 of the Dungeon)
Jewellery
 g - an amulet of regeneration
   (You found it on level 12 of the Dungeon)
 m - an amulet of reflection (around neck)
   (You found it on level 2 of the Dungeon)
 q - an amulet of magic regeneration
   (You found it on level 3 of the Dungeon)
 D - a +6 ring of dexterity
   (You found it in an ice cave)
 E - a +5 ring of evasion (left claw)
   (You found it on level 1 of the Dungeon)
 F - a ring of fire
   (You found it on level 10 of the Dungeon)
 L - a ring of flight
   (You found it on level 13 of the Dungeon)
 N - a ring of positive energy
   (You found it on level 8 of the Dungeon)
 S - a +6 ring of strength (right claw)
   (You found it on level 1 of the Dungeon)
Wands
 t - a wand of digging (4)
   (You found it on level 9 of the Dungeon)
 v - a wand of light (4)
   (You found it on level 8 of the Dungeon)
 w - a wand of flame (20)
   (You took it off an orc wizard on level 5 of the Dungeon)
 B - a wand of mindburst (18)
   (You found it on level 7 of the Dungeon)
 G - a wand of polymorph (7)
   (You found it on level 1 of the Lair of Beasts)
 I - a wand of charming (31)
   (You found it on level 8 of the Dungeon)
 J - a wand of roots (8)
   (You found it on level 10 of the Dungeon)
Scrolls
 h - 6 scrolls of poison {!r}
 i - 10 scrolls of immolation {!r!r}
 j - 6 scrolls of amnesia
 l - 3 scrolls of fear
 o - 7 scrolls of magic mapping {!r}
 s - 5 scrolls of identify {@r1}
 u - 8 scrolls of teleportation {@r4}
 x - 2 scrolls of blinking {!r}
 y - 3 scrolls of silence {!r}
 z - a scroll of enchant armour
 H - 2 scrolls of torment {!r}
 K - 4 scrolls of vulnerability {!r!r}
 Q - 3 scrolls of fog
 V - 4 scrolls of summoning
Potions
 b - 4 potions of lignification {!q}
 d - 3 potions of brilliance
 f - a potion of might
 k - 7 potions of heal wounds {@q2}
 n - 10 potions of curing {@q1}
 p - a potion of invisibility
 A - a potion of flight
 C - 2 potions of attraction {!q}
 R - 3 potions of magic
 T - 2 potions of mutation {!q}
 U - 4 potions of ambrosia
 W - 7 potions of haste {@q3}
 Y - 3 potions of berserk rage {!q}
Miscellaneous
 Z - a tin of tremorstones (2/2)
   (You found it on level 5 of the Lair of Beasts)

Dungeon Overview and Level Annotations

Branches:
Dungeon (15/15) Zot: 26926  Temple (1/1) D:6 Zot: 5786    Lair (5/5) D:8 Zot: 22498
 Shoals (0/4) Lair:2        Snake (0/4) Lair:3        Slime (0/5) Lair:4
    Orc (0/2) D:10         Vaults (0/5) D:13          IceCv (visited)
 Depths: D:15

Altars:
Ashenzari
Cheibriados
Dithmenos
Fedhas
Gozag
Hepliaklqana
Kikubaaqudgha
Makhleb
Nemelex Xobeh
Okawaru
Qazlal
Ru
Sif Muna
Trog
Uskayaw
Vehumet
Wu Jian
Xom
Yredelemnul
Jiyva
Lugonu

Shops:
D:2 (   D:11 =

Portals:
Abyss: Lair:5
Trove: D:12 (show abyssal rune of Zot)

Annotations:
D:14 Josephine
Lair:3 1 runed translucent door, Leofov's ghost, journeyman SpBr
Lair:4 exclusion: oklob plant

...........(.....................
.................................
#####..############...........###
.......############...........###
..........^......................
...<.......................######
###........................######
...............uWWโ—‹..............
..............ยงu@[...............
...............uโ—‹@โ—‹..............
.............##########.########.
.............##########.# #.
...................[....########.
.........................[.......
.#########....................... .#
#...############..###### .# #...#
#..# #


You could see Josephine, 3 ugly things and 2 wraiths.


Message History

You are poisoned.
The green ugly thing poisons you!
The deep elf pyromancer gestures wildly while chanting.
The red ugly thing is struck by your spines.
The red ugly thing barely misses you.
The hell knight utters an invocation to its god.
The hell knight seems to speed up.
A wizard comes into view. It is wielding a +0 dagger.
You block the brown ugly thing's attack. ๐Ÿ˜ฎ HP[-16] MP[+1]
You take 16 damage, and now have 82/119 hp.
Unknown command.
Unknown command.
Activating: Disaster Area (1% risk of failure)
Press: ? - help, Dir - look around, f - activate Nature churns violently around you!
The blast of ice hits the boulder beetle.
The boulder beetle is flash-frozen.
The blast of rubble hits Josephine!!
The blast of rubble hits the red ugly thing!!
The blast of rubble hits the white ugly thing!!!
You feel a bit better.
You kill the white ugly thing!
Qazlal accepts your kill.
The blast of rubble hits the brown ugly thing!!
The blast of rubble hits the ettin!!
Your corrupting presence corrodes the ettin!
The blast of rubble hits the fire elemental!!
The blast of rubble hits the wraith!
The blast of ice hits the wraith!!
The wraith partially resists.
The wraith is flash-frozen.
The blast of ice hits the wraith!
The wraith partially resists.
The wraith is flash-frozen.
The blast of rubble hits the wraith. x2
The blast of magma engulfs the wraith!!
You destroy the wraith!
Qazlal accepts your kill.
The blast of magma engulfs the fire elemental!!
The fire elemental partially resists.
You destroy the fire elemental!
The fire elemental disappears in a puff of smoke!
The blast of rubble hits the brown ugly thing!!
You feel extremely sick.
The green ugly thing tail-slaps you but does no damage.
The wraith hits you but does no damage.
The red ugly thing pecks you but does no damage.
The wizard gestures wildly while chanting.
The wizard flickers and vanishes!
Deactivating autopickup; reactivate with Ctrl-A.
The brown ugly thing is struck by your spines.
The brown ugly thing tail-slaps you.
You are splashed with acid.
You resist. ๐Ÿ˜ฎ HP[-13] MP[-8]
You take 13 damage, and now have 69/119 hp.
You lost 8 mp, and now have 15/25 mp.
You are too injured to fight recklessly!
You are too injured to fight recklessly!
You are too injured to fight recklessly!
You are too injured to fight recklessly!
You claw the green ugly thing! x2
You feel very sick.
The wraith is no longer encased in ice.
The boulder beetle is no longer encased in ice.
You block the green ugly thing's attack.
The wraith hits you but does no damage.
Josephine is engulfed in blazing flames.
Josephine draws life force from you!!
* * * LOW HITPOINT WARNING * * *
Josephine is healed by the life force!
The red ugly thing misses you. ๐Ÿ˜จ HP[-30]
You take 30 damage, and now have 39/119 hp.
MASSIVE DAMAGE!! (PAUSE)
You barely miss the red ugly thing.
You feel very sick.
The boulder beetle leaps!
The brown ugly thing basks in the mutagenic energy from its kin and changes!
The green ugly thing tail-slaps you but does no damage. ๐Ÿ˜จ HP[-4]
You take 4 damage, and now have 35/119 hp.
You feel very sick.
The wraith is no longer encased in ice.
Josephine is engulfed in blazing flames.
Josephine closely misses you.
The wraith is engulfed in blazing flames.
You destroy the wraith!
Qazlal accepts your kill.
The red ugly thing pecks you but does no damage.
The wraith misses you.
The green ugly thing closely misses you.
You climb upwards.
Reactivating autopickup.
You howl as the wereblood boils in your veins!
You feel very sick.
There is a stone staircase leading down here.
Unknown command. ๐Ÿ˜ฑ HP[-9] MP[+1]
You take 9 damage, and now have 26/119 hp.
Unknown command.
You scratch the green ugly thing but do no damage.
You feel very sick. The red ugly thing pecks you!
* * * LOW HITPOINT WARNING * * *
You are engulfed in flames!!
You die...

Skill      XL: |  1  2  3  4  5  6  7  8  9 10 11 12 13 14 15 |
---------------+----------------------------------------------+-----
Transmutations | 2 3 4 5 |  5.6
Unarmed Combat | 3 4 5 6 8 9 10 12 13 14 15 | 15.7
Poison Magic   | 1 |  1.6
Spellcasting   | 3 4 |  4.1
Dodging        | 2 3 4 6 7 8 9 10 | 10.6
Armour         | 1 3 4 5 6 7 9 10 | 10.6
Fighting       | 3 5 6 7 8 9 10 11 | 11.5
Invocations    | 2 5 7 9 11 12 13 | 13.4

Action                   |  1- 3 |  4- 6 |  7- 9 | 10-12 | 13-15 || total
-------------------------+-------+-------+-------+-------+-------++-------
Melee: Unarmed           |    96 |   168 |   302 |   538 |   944 ||  2048
       Kick              |    24 |    22 |    79 |   153 |    97 ||   375
       Headbutt          |    11 |    14 |    40 |    89 |    74 ||   228
       Punch             |       |     3 |    11 |    30 |   118 ||   162
 Cast: Beastly Appendage |    29 |    20 |    32 |    59 |    37 ||   177
       Spider Form       |       |     7 |     1 |       |       ||     8
       Wereblood         |       |       |     8 |    10 |    15 ||    33
Invok: Upheaval          |       |       |       |     4 |    13 ||    17
       Disaster Area     |       |       |       |       |     2 ||     2
  Use: Scroll            |       |     9 |     4 |     7 |     7 ||    27
       Potion            |       |       |     4 |     3 |     1 ||     8
 Stab: Sleeping          |     2 |       |       |       |       ||     2
       Paralysed         |       |       |     4 |    10 |     9 ||    23
Armor: Robe              |    19 |    18 |    36 |    19 |       ||    92
       Skin              |       |     1 |    20 |       |       ||    21
       Chain mail        |       |       |       |    96 |   362 ||   458
Dodge: Dodged            |    65 |   102 |   192 |   263 |   440 ||  1062
       Repelled          |       |       |       |       |     4 ||     4
Block: Other             |       |    30 |    91 |   230 |   502 ||   853
       Reflection        |       |       |     2 |     5 |    11 ||    18

Levels and vault maps discovered:
D:1:      minmay_arrival_up_and_down, layout_basic,
          dilly_ecumenical_altar_fadedgnrine
D:2:      layout_basic, serial_shops, nicolae_shop_advertising_works
          [nicolae_subvault_shop_adworks], skrybe_limestone_x,
          due_unseen_surprise
D:3:      layout_rooms, serial_rivers, chequers_serial_rivers_small_3,
          chequers_serial_rivers_room_b, chequers_serial_rivers_micro_e,
          chequers_serial_rivers_small_b
D:4:      layout_loops_cross, mainiacjoe_overflow_cross_hatched
D:5:      layout_loops_ring, gammafunk_ghost_grave, minmay_misc_feat_doors,
          minmay_misc_feat_diagonals, kennysheep_generic_room_2
D:6:      layout_loops_ring, mainiacjoe_overflow_alcove_1,
          minmay_temple_entry_antechambers
D:7:      kennysheep_kobold_camp, layout_loops_cross, kennysheep_generic_room_8
D:8:      layout_gridville, erik_lair_island, uniq_maggie
D:9:      layout_irregular_city, mainiacjoe_overflow_small_starburst,
          gammafunk_ghost_cemetery
D:10:     layout_loops_cross, zombieorc1_lemuel, minmay_microvault
D:11:     layout_basic, serial_shops, nicolae_shop_behind_doors, uniq_snorg
D:12:     layout_roguey, ebering_ghost_xom, serial_undead, serial_undead_b,
          serial_undead_e, serial_undead_c, serial_undead_a,
          nicolae_trove_entry_diagonal
D:13:     layout_basic, lightli_vaults_fourway_checkpoint,
          gammafunk_ghost_cemetery, uniq_sonja, uniq_azrael, uniq_nessos,
          uniq_rupert
D:14:     layout_long_grid, minmay_misc_feat_five
D:15:     hangedman_depths_entry_civil_slaughter, layout_irregular_city,
          elyvilon_altar_1, xom_teletrap_fun, uniq_josephine
Temple:   nicolae_temple_bog_church
Lair:1:   layout_long_grid, grunt_megastairs_5, infiniplex_staircase_pool_2
Lair:2:   regret_index_tunnel_blossom, layout_cave_pods,
          elwin_shoals_entry_stream, lightli_volcano_entry_magma_tube
Lair:3:   layout_cave_pods, minmay_snake_entry_six_corridors,
          portal_ice_cave_entry_pillars_1, gammafunk_ghost_grave,
          serial_bayou_shore_b, uniq_urug
Lair:4:   layout_hall_layers, slime_entry_1, hellmonk_guarded_unrand_vines
Lair:5:   hellmonk_lair_end_abyssal_woods, layout_regular_city

Notes
Turn   | Place    | Note
-------+----------+-------------------------------------------
     0 | D:1      | kae the Demonspawn Transmuter began the quest for the Orb.
     0 | D:1      | Reached XP level 1. HP: 15/15 MP: 3/3
     0 | D:1      | magus.rc [v1.11.3]
   125 | D:1      | HP: 3/15 [frilled lizard (1)]
   127 | D:1      | Reached skill level 2 in Transmutations
   344 | D:1      | Gained mutation: You have sharp fingernails. [demonic
                  | ancestry]
   344 | D:1      | Reached XP level 2. HP: 21/21 MP: 3/5
  1004 | D:1      | Reached skill level 3 in Unarmed Combat
  1065 | D:1      | Found a faded altar of an unknown god.
  1072 | D:1      | Gained mutation: You are partially covered in yellow
                  | scales. (AC +2) [demonic ancestry]
  1072 | D:1      | Reached XP level 3. HP: 26/26 MP: 4/6
  1077 | D:1      | Learned a level 2 spell: Wereblood
  1081 | D:1      | Learned a level 3 spell: Spider Form
  1523 | D:2      | Reached skill level 1 in Poison Magic
  1926 | D:2      | Found Simoviogg's Weapon Shop.
  2080 | D:3      | Reached skill level 3 in Transmutations
  2080 | D:3      | Gained mutation: You are mostly covered in yellow scales.
                  | (AC +3) [demonic ancestry]
  2080 | D:3      | Reached XP level 4. HP: 32/32 MP: 5/7
  2278 | D:3      | You pick up a book of Maledictions and begin reading...
  2278 | D:3      | You add the spells Anguish and Enfeeble to your library.
  2398 | D:3      | Reached XP level 5. HP: 18/37 MP: 5/9
  3178 | D:4      | Reached skill level 3 in Spellcasting
  3350 | D:4      | Reached skill level 4 in Transmutations
  3632 | D:4      | Noticed an ogre
  3641 | D:4      | Killed an ogre
  3642 | D:4      | Reached XP level 6. HP: 43/43 MP: 10/10
  3701 | D:5      | Entered Level 5 of the Dungeon
  3759 | D:5      | Reached skill level 4 in Unarmed Combat
  4103 | D:5      | Noticed a water moccasin
  4118 | D:5      | Killed a water moccasin
  4119 | D:5      | Reached skill level 5 in Transmutations
  4119 | D:5      | Reached XP level 7. HP: 15/48 MP: 12/12
  4120 | D:5      | HP: 12/48 [poisoned by a water moccasin]
  4603 | D:5      | Found a runed translucent door.
  4604 | D:5      | Noticed junb's ghost (amateur OpDe)
  4652 | D:5      | Reached skill level 4 in Spellcasting
  5120 | D:6      | Found a staircase to the Ecumenical Temple.
  5143 | D:6      | Reached skill level 2 in Dodging
  5168 | Temple   | Entered the Ecumenical Temple
  5363 | Temple   | Became a worshipper of Qazlal Stormbringer
  5382 | D:6      | Reached skill level 1 in Armour
  5382 | D:6      | Reached skill level 5 in Unarmed Combat
  5395 | D:6      | Gained mutation: Spells you cast may paralyse adjacent
                  | enemies. [demonic ancestry]
  5395 | D:6      | Reached XP level 8. HP: 56/56 MP: 14/14
  5404 | D:6      | Reached skill level 2 in Fighting
  5591 | D:6      | Found a sparkling altar of Nemelex Xobeh.
  5643 | D:6      | Reached skill level 2 in Armour
  5649 | D:6      | Reached skill level 3 in Dodging
  5809 | D:6      | You add the spells Sting, Poisonous Vapours and Olgreb's
                  | Toxic Radiance to your library.
  5858 | D:6      | Reached skill level 3 in Fighting
  5858 | D:6      | Reached skill level 6 in Unarmed Combat
  6645 | D:7      | Reached * piety under Qazlal
  6646 | D:7      | Reached skill level 3 in Armour
  6727 | D:7      | Gained mutation: You are partially covered in sharp spines.
                  | [demonic ancestry]
  6727 | D:7      | Reached XP level 9. HP: 38/63 MP: 13/15
  7241 | D:8      | Learned a level 4 spell: Ice Form
  7279 | D:8      | Noticed a troll
  7296 | D:8      | Reached skill level 4 in Fighting
  7299 | D:8      | Reached skill level 4 in Dodging
  7300 | D:8      | Killed a troll
  7301 | D:8      | Reached skill level 7 in Unarmed Combat
  7380 | D:8      | Found a staircase to the Lair.
  7399 | D:8      | Reached ** piety under Qazlal
  7401 | D:8      | HP: 16/66 [electric eel/bolt of electricity (10)]
  7597 | D:8      | Reached skill level 4 in Armour
  7722 | D:8      | Reached skill level 1 in Invocations
  7952 | D:8      | Noticed Maggie
  7981 | D:8      | Killed Maggie
  7982 | D:8      | Reached skill level 5 in Fighting
  7982 | D:8      | Reached skill level 8 in Unarmed Combat
  7982 | D:8      | Reached skill level 2 in Invocations
  8270 | D:8      | Gained mutation: You are completely covered in yellow
                  | scales. (AC +4, rCorr) [demonic ancestry]
  8270 | D:8      | Reached XP level 10. HP: 61/74 MP: 16/16
  8645 | D:9      | Reached skill level 5 in Dodging
  8653 | D:9      | Reached skill level 3 in Invocations
  8836 | D:9      | You add the spells Kindle Blastsparks, Vhi's Electric
                  | Charge and Disjunction to your library.
  8836 | D:9      | Got the Almanac of Wanderlust and Air
  8860 | D:9      | Found a radiant altar of Vehumet.
  8886 | D:9      | Found a runed translucent gate.
  8886 | D:9      | Found a runed translucent gate.
  8886 | D:9      | Found a runed translucent gate.
  9011 | D:9      | Reached skill level 5 in Armour
  9011 | D:9      | Reached skill level 4 in Invocations
  9538 | D:9      | Noticed Notanamesir's ghost (novice MiBe)
  9539 | D:9      | Noticed Angani's ghost (novice DrRe)
  9548 | D:10     | Entered Level 10 of the Dungeon
  9641 | D:10     | You pick up a book of Dreams and begin reading...
  9954 | D:10     | Reached skill level 9 in Unarmed Combat
  9976 | D:10     | Found a staircase to the Orcish Mines.
  9978 | D:10     | Reached *** piety under Qazlal
  9984 | D:10     | Reached skill level 6 in Fighting
 10003 | D:10     | Reached skill level 5 in Invocations
 10185 | D:10     | HP: 18/76 [efreet/bolt of fire (20)]
 10192 | D:10     | HP: 16/76 [something (4)]
 10404 | D:10     | Reached skill level 6 in Dodging
 10404 | D:10     | Reached XP level 11. HP: 62/81 MP: 17/17
 10737 | Lair:1   | Entered Level 1 of the Lair of Beasts
 11219 | Lair:1   | Reached skill level 6 in Invocations
 11350 | Lair:1   | Reached skill level 6 in Armour
 11402 | Lair:1   | You pick up a book of Air and begin reading...
 11402 | Lair:1   | You add the spells Shock, Swiftness and Airstrike to your
                  | library.
 11436 | Lair:1   | Reached skill level 10 in Unarmed Combat
 11516 | Lair:1   | You add the spells Gell's Gravitas, Iskenderun's Mystic
                  | Blast and Summon Mana Viper to your library.
 11516 | Lair:1   | Got Sif Muna's Secrets of Summoned Shifting
 11905 | Lair:1   | Reached **** piety under Qazlal
 11983 | Lair:2   | Noticed a death yak
 11994 | Lair:2   | Noticed a death yak
 12008 | Lair:1   | Killed a death yak
 12009 | Lair:1   | Reached skill level 7 in Fighting
 12454 | D:9      | Killed Angani's ghost
 12454 | D:9      | HP: 10/84 [Notanamesir's ghost (18)]
 12458 | D:9      | Killed Notanamesir's ghost
 12839 | Lair:2   | Reached skill level 7 in Invocations
 12850 | Lair:2   | Found a staircase to the Shoals.
 13013 | Lair:2   | Reached skill level 7 in Dodging
 13026 | Lair:2   | HP: 21/84 [manticore (13)]
 13034 | Lair:2   | Gained mutation: You have very sharp fingernails. [demonic
                  | ancestry]
 13034 | Lair:2   | Reached XP level 12. HP: 24/91 MP: 18/18
 13038 | Lair:2   | HP: 8/91 [cane toad (15)]
 13045 | Lair:2   | Reached skill level 11 in Unarmed Combat
 13053 | Lair:2   | Reached skill level 7 in Armour
 13055 | Lair:2   | HP: 13/92 [wyvern (14)]
 13070 | Lair:2   | Reached skill level 8 in Invocations
 13104 | Lair:2   | HP: 22/92 [killer bee (6)]
 13694 | Lair:2   | Reached skill level 8 in Fighting
 14390 | Lair:2   | Killed a death yak
 14672 | Lair:3   | Noticed a seven-headed hydra
 14681 | Lair:3   | Killed a seven-headed hydra
 14741 | Lair:3   | Found a frozen archway.
 14794 | Lair:3   | Found a runed translucent door.
 14796 | Lair:3   | Noticed Leofov's ghost (journeyman SpBr)
 14811 | Lair:3   | Noticed Urug
 14829 | Lair:3   | Killed Urug
 14830 | Lair:3   | Reached skill level 9 in Invocations
 14858 | Lair:3   | Identified the +4 quarterstaff of Theory {freeze, rPois
                  | Will+ Str+4 Int+4}
 14873 | Lair:3   | Reached skill level 12 in Unarmed Combat
 14915 | Lair:3   | Reached skill level 8 in Dodging
 14927 | Lair:3   | Reached ***** piety under Qazlal
 15081 | Lair:3   | Reached XP level 13. HP: 96/100 MP: 20/20
 15099 | Lair:3   | Reached skill level 8 in Armour
 15114 | Lair:3   | Found a staircase to the Snake Pit.
 15155 | IceCv    | Entered an ice cave
 15570 | IceCv    | Found the +2 shield of Resistance {rF++ rC++ Will++}
 15713 | IceCv    | Reached skill level 9 in Fighting
 15940 | IceCv    | Noticed a reaper
 15952 | IceCv    | HP: 20/101 [reaper/+0 scythe of freezing (33)]
 15952 | IceCv    | HP: 8/101 [reaper/+0 scythe of freezing (12)]
 15954 | IceCv    | Killed a reaper
 16247 | IceCv    | You add the spells Ozocubu's Armour and Ozocubu's
                  | Refrigeration to your library.
 16566 | Lair:3   | Reached skill level 10 in Invocations
 17348 | Lair:4   | Reached skill level 13 in Unarmed Combat
 17410 | Lair:4   | Identified the +3 mace "Qaukh" {flame, rPois rF++ rCorr
                  | Str-5}
 17418 | Lair:4   | Found the +1 robe of Vines {NoPotionHeal Regen++++}
 17688 | Lair:4   | Found the +11 Singing Sword {sonic wave}
 17729 | Lair:4   | Found a viscous altar of Jiyva.
 17729 | Lair:4   | Found a staircase to the Slime Pits.
 17777 | Lair:4   | Found the +2 hat of the Bear Spirit {Spirit, *Rage Will++}
 18151 | Lair:5   | Entered Level 5 of the Lair of Beasts
 18167 | Lair:5   | Reached skill level 9 in Dodging
 18212 | Lair:5   | Reached skill level 11 in Invocations
 18355 | Lair:5   | Reached skill level 9 in Armour
 18369 | Lair:5   | Identified the +1 chain mail of Yesterday {Regen+}
 18463 | Lair:5   | Reached ****** piety under Qazlal
 18464 | Lair:5   | Reached XP level 14. HP: 105/109 MP: 22/22
 18619 | Lair:5   | Reached skill level 10 in Fighting
 18887 | Lair:5   | HP: 27/110 [basilisk (4)]
 18892 | Lair:5   | HP: 26/110 [blink frog (2)]
 19552 | Lair:5   | Found a corrupted altar of Lugonu.
 19552 | Lair:5   | Found a one-way gate to the infinite horrors of the Abyss.
 20271 | D:11     | Reached skill level 14 in Unarmed Combat
 20433 | D:11     | Identified the +4 ring mail "Vir Iguehumy" {Will- rCorr
                  | Dex+2}
 20477 | D:11     | Found Ceerch's Jewellery Emporium.
 20779 | D:11     | Noticed Snorg
 20789 | D:11     | Killed Snorg
 21036 | D:12     | Found a runed translucent door.
 21036 | D:12     | Found a shimmering altar of Xom.
 21036 | D:12     | Noticed wilfster70's ghost (journeyman HOMo)
 21053 | D:12     | Reached skill level 12 in Invocations
 21588 | D:12     | Found a portal to a secret trove of treasure.
 21652 | D:12     | This trove requires the presence of the abyssal rune of Zot
                  | to function. Show it the item?
 21817 | D:13     | Noticed Nessos
 21828 | D:13     | Killed Nessos
 21909 | D:13     | Noticed Rupert
 21928 | D:13     | Killed Rupert
 22080 | D:13     | Reached skill level 10 in Dodging
 22141 | D:13     | Noticed Sonja
 22150 | D:13     | Killed Sonja
 22151 | D:13     | Reached skill level 10 in Armour
 22262 | D:13     | Gained mutation: Your presence sometimes corrodes those you
                  | injure. [demonic ancestry]
 22262 | D:13     | Reached XP level 15. HP: 91/117 MP: 24/24
 22396 | D:13     | HP: 20/117 [enormous slime creature (39)]
 22400 | D:13     | Reached skill level 11 in Fighting
 22528 | D:13     | Found a gate to the Vaults.
 22586 | D:13     | Noticed Azrael
 22591 | D:13     | Killed Azrael
 22592 | D:13     | Reached skill level 15 in Unarmed Combat
 22606 | D:13     | Reached skill level 13 in Invocations
 22721 | D:13     | Found a runed translucent gate.
 22721 | D:13     | Found a runed translucent gate.
 22721 | D:13     | Found a runed translucent gate.
 22722 | D:13     | Noticed p0werm0de's ghost (adept MeCK)
 22722 | D:13     | Noticed kae's ghost (journeyman DsTm)
 23102 | D:13     | Killed kae's ghost
 23127 | D:13     | Killed p0werm0de's ghost
 23207 | D:12     | Killed wilfster70's ghost
 23526 | D:5      | Killed junb's ghost
 24397 | D:14     | You pick up a book of Minor Magic and begin reading...
 24397 | D:14     | You add the spells Magic Dart, Call Imp and Mephitic Cloud
                  | to your library.
 24652 | D:15     | Entered Level 15 of the Dungeon
 24667 | D:15     | Noticed Josephine
 24730 | D:14     | HP: 26/119 [poisoned by a green ugly thing]
 24731 | D:14     | Slain by a red ugly thing

Vanquished Creatures
  Rupert (D:13)
  The ghost of p0werm0de the Severer, an adept MeCK of Xom (D:13)
  A reaper (IceCv)
  Azrael (D:13)
  Snorg (D:11)
  The ghost of wilfster70 the Cleaver, a journeyman HOMo of Beogh (D:12)
  8 hydras
  4 vault guards (D:13)
  A centaur warrior (D:13)
  4 boulder beetles
  The ghost of kae the Transmogrifier, a journeyman DsTm of Ru (D:13)
  2 two-headed ogres
  A dancing weapon (D:12)
  5 death yaks
  6 tengu warriors
  2 thrashing horrors (Lair:5)
  Urug (Lair:3)
  Sonja (D:13)
  The ghost of Angani the Tainted, a novice DrRe of Yredelemnul (D:9)
  The ghost of Notanamesir the Bludgeoner, a novice MiBe of Trog (D:9)
  2 deep elf pyromancers
  5 cyclopes
  9 ugly things
  An oklob plant (Lair:4)
  4 manticores
  21 elephants
  6 black mambas
  3 centaur zombies (D:12)
  4 merfolk sirens (Lair:2)
  An ice statue (IceCv)
  3 smoke demons (Lair:5)
  3 torpor snails
  A gargoyle (D:11)
  14 cane toads
  2 rime drakes
  Maggie (D:8)
  2 anaconda simulacra (IceCv)
  7 komodo dragons
  An efreet (D:10)
  2 ancient zymes (Lair:5)
  4 tengu conjurers
  4 trolls
  A polar bear (Lair:2)
  2 hornets
  A queen bee (Lair:2)
  9 meliai
  A tarantella (shapeshifter) (D:13)
  10 slime creatures
  24 blink frogs
  A meliai zombie (D:12)
  4 large abominations (Lair:5)
  3 shadows
  A ynoxinul (Lair:5)
  A dire elephant simulacrum (IceCv)
  8 wraiths
  2 spriggans (Lair:5)
  7 wyverns
  31 yaks
  6 fire elementals (D:13)
  A spriggan (shapeshifter) (Lair:5)
  3 vampires
  6 small abominations (Lair:5)
  12 basilisks
  A steam dragon (Lair:2)
  5 vampire mosquitoes (D:12)
  A chaos spawn (Lair:5)
  An acid dragon (D:10)
  2 hell hounds (D:13)
  23 water moccasins
  An orc warrior (D:10)
  A sky beast (D:8)
  An ogre (D:4)
  3 ice beasts
  2 black bears (Lair:1)
  The ghost of junb the Sneak, an amateur OpDe (D:5)
  2 centaurs
  9 wolves
  2 phantoms (D:10)
  2 kobold brigands
  A gnoll sergeant (D:9)
  11 bullfrogs
  4 scorpions
  2 cane toad simulacra (IceCv)
  5 two-headed ogre simulacra (IceCv)
  11 wights
  A troll zombie (D:10)
  35 killer bees
  5 elephant simulacra (IceCv)
  7 electric eels
  6 howler monkeys
  A jelly (D:4)
  7 orc priests
  2 gnoll boudas
  9 hounds
  3 iguanas
  12 orc wizards
  3 troll simulacra (IceCv)
  A polar bear simulacrum (IceCv)
  6 spriggan simulacra (IceCv)
  3 wolf simulacra (IceCv)
  5 ogre zombies (D:10)
  8 adders
  24 gnolls
  10 naga simulacra (IceCv)
  A river rat (Lair:2)
  5 white imps (IceCv)
  3 ufetubi
  A worm (D:2)
  3 dart slugs
  46 orcs
  5 ball pythons
  3 bats
  4 endoplasms
  2 giant cockroaches
  4 goblins
  8 hobgoblins
  5 quokkas
  7 frilled lizards
  A goblin skeleton (D:10)
  A goblin zombie (D:10)
  A hobgoblin skeleton (D:10)
  2 hobgoblin zombies (D:10)
  37 kobolds
  2 orc skeletons (D:10)
  12 orc zombies (D:10)
  8 rats
678 creatures vanquished.

Vanquished Creatures (others)
  Nessos (D:13)
  A tengu warrior (D:13)
  An orc wizard (D:6)
  25 fungi
  82 plants
  14 withered plants
124 creatures vanquished.

Grand Total: 802 creatures vanquished

Table legend:
 A = Non-vault XP
 B = Vault XP
 C = Vault XP percentage of total XP
 D = Non-vault monster count
 E = Vault monster count
 F = Vault count percentage of total count
                 A         B        C        D         E       F
            +---------+---------+-------+---------+---------+-------
      Total |   77228 |   54199 |  41.2 |     423 |     257 |  37.8
            +---------+---------+-------+---------+---------+-------
        D:1 |      44 |       0 |   0.0 |      19 |       0 |   0.0
        D:2 |      49 |       0 |   0.0 |      19 |       0 |   0.0
        D:3 |     155 |       0 |   0.0 |      34 |       0 |   0.0
        D:4 |     211 |       0 |   0.0 |      12 |       0 |   0.0
        D:5 |     611 |     154 |  20.1 |      18 |       3 |  14.3
        D:6 |    1099 |       0 |   0.0 |      28 |       0 |   0.0
        D:7 |     747 |     257 |  25.6 |      11 |      22 |  66.7
        D:8 |    1132 |    1189 |  51.2 |      30 |       9 |  23.1
        D:9 |    2553 |    1535 |  37.5 |      31 |       2 |   6.1
       D:10 |    1865 |    1039 |  35.8 |      20 |      30 |  60.0
       D:11 |    4717 |     942 |  16.6 |      25 |       1 |   3.8
       D:12 |    4835 |    4648 |  49.0 |      18 |      12 |  40.0
       D:13 |   10994 |   14698 |  57.2 |      21 |      26 |  55.3
       D:14 |    7972 |     799 |   9.1 |      21 |       1 |   4.5
       D:15 |    2694 |     775 |  22.3 |       4 |       3 |  42.9
     Lair:1 |    4841 |     139 |   2.8 |      17 |       1 |   5.6
     Lair:2 |    4134 |    8078 |  66.1 |      15 |      49 |  76.6
     Lair:3 |    8983 |    3194 |  26.2 |      33 |      13 |  28.3
     Lair:4 |    9796 |    2303 |  19.0 |      27 |       3 |  10.0
     Lair:5 |    9796 |    9895 |  50.3 |      20 |      34 |  63.0
      IceCv |       0 |    4554 | 100.0 |       0 |      48 | 100.0
            +---------+---------+-------+---------+---------+-------

Illustrated notes

Table legend:
 A = Kills in this place as a percentage of kills in entire the game.
 B = Kills by you in this place as a percentage of kills by you in the entire game.
 C = Kills by friends in this place as a percentage of kills by friends in the entire game.
 D = Other kills in this place as a percentage of other kills in the entire game.
 E = Experience gained in this place as a percentage of experience gained in the entire game.
 F = Experience gained in this place divided by the number of levels of this place that you have seen.
                   A       B       C       D       E      F
               +-------+-------+-------+-------+-------+----------------------
         Total | 100.0 | 100.0 |   N/A | 100.0 | 100.0 | 5974.0
       Dungeon |  61.8 |  61.7 |   N/A | 100.0 |  50.0 | 4380.9
          Lair |  31.2 |  31.3 |   N/A |   0.0 |  46.5 | 12231.8
      Ice Cave |   7.1 |   7.1 |   N/A |   0.0 |   3.5 | 4554.0
               +-------+-------+-------+-------+-------+----------------------

Table legend: (Time is in decaauts)
 A = Elapsed time spent in this place.
 B = Non-inter-level travel time spent in this place.
 C = Inter-level travel time spent in this place.
 D = Time resting spent in this place.
 E = Time spent auto-exploring this place.
 F = Levels seen in this place.
 G = Mean time per level.
                   A        B        C        D        E       F      G
               +--------+--------+--------+--------+--------+-----+--------+
         Total |  24431 |  22813 |   1618 |   1863 |  16911 |  22 | 1110.5 |
       Dungeon |  15356 |  14169 |   1187 |    731 |  10969 |  15 | 1023.7 |
        Temple |    213 |    208 |      5 |      0 |    172 |   1 |  213.0 |
          Lair |   7502 |   7076 |    426 |    820 |   5074 |   5 | 1500.4 |
      Ice Cave |   1359 |   1359 |      0 |    311 |    695 |   1 | 1359.0 |
               +--------+--------+--------+--------+--------+-----+--------+

Top non-repeatable levels by time:
  Lair:2: 2122 daAuts
  Lair:5: 1745 daAuts
  Lair:1: 1527 daAuts
     D:5: 1522 daAuts
     D:8: 1422 daAuts
     D:9: 1366 daAuts
   IceCv: 1359 daAuts
    D:13: 1335 daAuts
     D:1: 1186 daAuts
     D:7: 1150 daAuts
    D:10: 1145 daAuts
  Lair:3: 1074 daAuts
     D:6: 1044 daAuts
  Lair:4: 1031 daAuts
    D:12: 911 daAuts
